 Dungeon Crawl Stone Soup version 0.27-a0-385-g3208abaabc (webtiles) character file.

Game seed: 18069930241697200873

46 dickylongcocking the Sneak (level 3, -3/26 HPs)
             Began as an Octopode Wanderer on Feb 19, 2021.
             Was an Initiate of Nemelex Xobeh.
             Slain by a worm (7 damage)
             ... on level 2 of the Dungeon.
             The game lasted 00:01:39 (1471 turns).

dickylongcocking the Sneak (Octopode Wanderer)      Turns: 1471, Time: 00:01:40

Health: -3/26      AC:  1    Str: 13    XL:     3   Next: 68%
Magic:  3/3        EV: 12    Int: 14    God:    Nemelex Xobeh [......]
Gold:   52         SH:  0    Dex: 10    Spells: 1/2 levels left

rFire    . . .     SeeInvis .   (no weapon)
rCold    . . .     Faith    .   (no shield)
rNeg     . . .     Spirit   .   (helmet restricted)
rPois    .         Reflect  .   (no amulet)
rElec    .         Harm     .   (no ring)
rCorr    .         Rampage  .   (no ring)
Will     .....                  (no ring)
Stlth    ++++......             (no ring)
HPRegen  0.08/turn              (no ring)
MPRegen  0.08/turn              (no ring)
                                (no ring)
                                (no ring)

@: no status effects
A: almost no armour, stealthy swim, amphibious, 8 rings, constrict 8, camouflage
1, gelatinous body 1
a: Renounce Religion, Draw Escape, Draw Destruction, Draw Summoning


You were on level 2 of the Dungeon.
You worshipped Nemelex Xobeh.
Nemelex Xobeh was noncommittal.
You visited 1 branch of the dungeon, and saw 2 of its levels.

You collected 52 gold pieces.

Inventory:

Hand Weapons
 a - a +2 spear
 d - a +0 dagger
Scrolls
 b - 2 scrolls of fog {unknown}
 c - 3 scrolls of enchant weapon {unknown}
 e - 2 scrolls of identify {unknown}
 f - a scroll of teleportation {unknown}
 g - a scroll of fear {unknown}


   Skills:
 - Level 3.0 Fighting
 * Level 7.3 Stealth
 - Level 1.0 Summonings
 - Level 2.0 Necromancy


You had one spell level left.
You knew the following spells:

 Your Spells              Type           Power        Failure   Level
a - Animate Skeleton      Necr           10%          13%         1

Your spell library contained the following spells:

 Spells                   Type           Power        Failure   Level
 Vampiric Draining        Necr           2%           36%         3


Dungeon Overview and Level Annotations

Branches:
Dungeon (2/15)

Altars:
Nemelex Xobeh


Innate Abilities, Weirdness & Mutations

You cannot wear most types of armour.
You are very stealthy in the water. (Stealth+)
You are amphibious.
You can wear up to eight rings at the same time.
You can use your tentacles to constrict eight enemies at once.
Your skin changes colour to match your surroundings (Stealth+).
Your rubbery body absorbs attacks. (AC +1, EV +1)


Message History

A worm is nearby!
There is an escape hatch in the floor here.
There is a shaft here.
You tentacle-slap the worm. Your grab misses the worm.
The worm is lightly wounded.
The worm misses you.
You tentacle-slap the worm but do no damage.
Your grab misses the worm. You barely miss the worm. You grab the worm.
You constrict the worm. The worm bites you!
You are too injured to fight recklessly!
You are too injured to fight recklessly!
You are too injured to fight recklessly!
You are too injured to fight recklessly!
You are too injured to fight recklessly!
You are too injured to fight recklessly!
You are too injured to fight recklessly!
You are too injured to fight recklessly!
You release your grip on the worm.
The worm completely misses you.
A worm is nearby!
A worm is nearby!
A worm is nearby!
You are too injured to fight recklessly!
You tentacle-slap the worm but do no damage.
You grab the worm. You constrict the worm.
You tentacle-slap the worm but do no damage.
The worm is lightly wounded.
You constrict the worm. The worm bites you!
* * * LOW HITPOINT WARNING * * *
You tentacle-slap the worm but do no damage.
The worm is lightly wounded.
You constrict the worm.
You tentacle-slap the worm but do no damage.
The worm is moderately wounded.
You constrict the worm. The worm barely misses you.
You tentacle-slap the worm but do no damage.
The worm is heavily wounded.
You constrict the worm. The worm bites you!
You die...
Your body disappears without a glow.

#. #.# .# # # ...
.....## # ...
......##.##
.........#.
.#.#.#.#...
......#...
#####.........
##...$..##.#...##
##....w@.........##
..................
#..?....^........
#..............#
#..............#
#..............#
#.......>..<...#..
##......>..........
##..............#.


You could see a worm.

Vanquished Creatures
  An adder (D:2)
  2 dart slugs
  A giant cockroach (D:2)
  3 goblins (D:1)
  4 hobgoblins (D:1)
  4 jackals (D:1)
  3 bats
  6 frilled lizards
  5 kobolds
  5 rats (D:1)
34 creatures vanquished.

Notes
Turn   | Place    | Note
-------+----------+-------------------------------------------
     0 | D:1      | dickylongcocking the Octopode Wanderer began the quest for
                  | the Orb.
     0 | D:1      | dickylongcocking set off with the following items: a +2
                  | spear, a potion of lignification, a +0 dagger; and the
                  | following spell memorised: Animate Skeleton; and the
                  | following spells available to memorise: Vampiric Draining
     0 | D:1      | Reached XP level 1. HP: 16/16 MP: 1/1
    67 | D:2      | Found a sparkling altar of Nemelex Xobeh.
    73 | D:2      | Became a worshipper of Nemelex Xobeh the Trickster
   282 | D:1      | Reached XP level 2. HP: 19/21 MP: 2/2
   307 | D:1      | Reached skill level 6 in Stealth
   742 | D:1      | Reached XP level 3. HP: 24/26 MP: 3/3
  1280 | D:2      | Reached skill level 7 in Stealth
  1471 | D:2      | Slain by a worm

Illustrated notes

Levels and vault maps discovered:
D:1:      nagdon_arrival_double_spiral, layout_basic, serial_forest,
          infiniplex_forest_straight_3, infiniplex_forest_lined_2,
          infiniplex_forest_end_1, infiniplex_forest_lined_3,
          infiniplex_forest_corner_2, infiniplex_forest_lined_room_3,
          infiniplex_forest_lined_3, infiniplex_forest_lined_2,
          infiniplex_forest_clump_curved
D:2:      layout_rooms, old_standard_altar, nemelex_xobeh_ov_fountains_minmay

Skill      XL: |  1  2  3 |
---------------+----------+-----
Stealth        | 6 7 |  7.3
Fighting       | |  3.0
Summonings     | |  1.0
Necromancy     | |  2.0

Action                   || total
-------------------------++-------
Melee: Unarmed           ||   104
       Constrict         ||    29
       Tentacles         ||    18
  Use: Potion            ||     2
 Stab: Sleeping          ||     5
Armor: Skin              ||    42
Dodge: Dodged            ||    78

Table legend: (Time is in decaauts)
 A = Elapsed time spent in this place.
 B = Non-inter-level travel time spent in this place.
 C = Inter-level travel time spent in this place.
 D = Time resting spent in this place.
 E = Time spent auto-exploring this place.
 F = Levels seen in this place.
 G = Mean time per level.
                   A        B        C        D        E       F      G
               +--------+--------+--------+--------+--------+-----+--------+
         Total |   1471 |   1424 |     47 |    235 |    949 |   2 |  735.5 |
       Dungeon |   1471 |   1424 |     47 |    235 |    949 |   2 |  735.5 |
               +--------+--------+--------+--------+--------+-----+--------+

Top non-repeatable levels by time:
     D:1: 1239 daAuts
     D:2: 231 daAuts
